 Dungeon Crawl Stone Soup version 0.26.0-45-g9c1d065592 (webtiles) character file.

Game seed: 12120453296211494789

3733 Eurus the Insei (level 9, -5/78 HPs)
             Began as a Red Draconian Transmuter on Jan 29, 2021.
             Was a Believer of the Shining One.
             Slain by a manticore (7 damage)
             ... on level 8 of the Dungeon.
             The game lasted 00:36:21 (14375 turns).

Eurus the Insei (Red Draconian Transmuter)         Turns: 14375, Time: 00:36:22

Health: -5/78      AC:  7    Str: 13    XL:     9   Next: 92%
Magic:  17/18      EV: 19    Int: 14    God:    the Shining One [**....]
Gold:   474        SH:  0    Dex: 14    Spells: 12/20 levels left

rFire    + + .     SeeInvis .     - Unarmed
rCold    + . .     Faith    .   (no shield)
rNeg     + . .     Spirit   .   (armour unavailable)
rPois    +         Reflect  .   (helmet currently unavailable)
rElec    .         Harm     .   n - scarf {rC+ rF+}
rCorr    .         Rampage  .   (no gloves)
Will     .....                  (boots currently unavailable)
Stlth    +.........             (no amulet)
HPRegen  0.23/turn              m - ring of poison resistance
MPRegen  0.16/turn              x - +4 ring of evasion

@: appendages, glowing
A: breathe fire, unfitting armour, horns 2, talons 2, fire resistance 1,
cold-blooded, AC +7
a: Breathe Fire, End Transformation, Renounce Religion, Divine Shield


You were on level 8 of the Dungeon.
You worshipped the Shining One.
The Shining One was pleased with you.
You had grown temporary horns.
You had grown temporary talons.
You visited 2 branches of the dungeon, and saw 9 of its levels.
You also visited: Bailey.

You collected 474 gold pieces.

Inventory:

Armour
 n - a scarf of resistance (worn)
Jewellery
 g - an uncursed ring of fire
 k - an uncursed ring of wizardry
 m - a ring of poison resistance (left hand)
 r - an uncursed ring of fire
 w - an uncursed ring of magical power
 x - a +4 ring of evasion (right hand)
 z - an uncursed ring of wizardry
Wands
 p - a wand of disintegration (8)
 q - a wand of flame (36)
 t - a wand of polymorph (7)
 u - a wand of iceblast (11)
 v - a wand of digging (6)
Scrolls
 a - 7 scrolls of remove curse
 c - 2 scrolls of teleportation
 e - a scroll of enchant armour
 f - 3 scrolls of identify
 l - 3 scrolls of fog
 y - a scroll of summoning {unknown}
Potions
 b - 2 potions of curing
 d - 3 potions of brilliance
 h - a potion of haste
 i - 2 potions of heal wounds
 j - a potion of flight
 o - a potion of cancellation
 s - a potion of attraction


   Skills:
 - Level 6.4 Fighting
 - Level 5.0 Dodging
 + Level 7.6 Unarmed Combat
 + Level 6.2 Spellcasting
 + Level 2.6 Conjurations
 + Level 6.7 Transmutations
 + Level 0.4 Fire Magic


You had 12 spell levels left.
You knew the following spells:

 Your Spells              Type           Power        Failure   Level
a - Beastly Appendage     Tmut           46%          1%          1
b - Wereblood             Tmut           23%          1%          2
c - Spider Form           Tmut/Pois      6%           12%         3
d - Magic Dart            Conj           44%          5%          1
e - Foxfire               Conj/Fire      32%          9%          1

Your spell library contained the following spells:

 Spells                   Type           Power        Failure   Level
 Searing Ray              Conj           22%          8%          2
 Conjure Flame            Conj/Fire      8%           24%         3
 Dazzling Flash           Conj/Hex       16%          26%         3
 Blade Hands              Tmut           11%          26%         5
 Ice Form                 Ice/Tmut       13%          36%         4
 Inner Flame              Hex/Fire       5%           38%         3
 Sticky Flame             Conj/Fire      8%           63%         4
 Fulminant Prism          Conj/Hex       4%           65%         4
 Iskenderun's Mystic Bla  Conj/Tloc      8%           65%         4
 Fireball                 Conj/Fire      4%           92%         5


Dungeon Overview and Level Annotations

Branches:
Dungeon (8/15)             Temple (1/1) D:6          Bailey (visited)
   Lair: D:8-11

Altars:
Ashenzari
Cheibriados
Dithmenos
Elyvilon
Fedhas
Gozag
Hepliaklqana
Kikubaaqudgha
Makhleb
Nemelex Xobeh
Okawaru
Qazlal
Ru
Sif Muna
Trog
Uskayaw
Vehumet
Wu Jian
Xom
Yredelemnul
Zin
The Shining One

Annotations:
D:7 Joseph
D:8 2 runed translucent doors, feorh's ghost, novice TrBe


Innate Abilities, Weirdness & Mutations

You can breathe blasts of fire.
Your fiery red scales are hard. (AC +7)
You cannot fit into any form of body armour.
Your flesh is heat resistant. (rF+)
You are cold-blooded and may be slowed by cold attacks.
You have a pair of horns on your head.
You have razor-sharp toenails.


Message History

The manticore bites you!!
* * * LOW HITPOINT WARNING * * *
The manticore closely misses you. The manticore claws you.
* * * LOW HITPOINT WARNING * * *
You hit the manticore but do no damage. Your headbutt misses the manticore.
The manticore is almost dead.
The manticore completely misses you. The manticore claws you!
* * * LOW HITPOINT WARNING * * *
The manticore barely misses you.
You hit the manticore.
You claw the manticore, but do no damage.
You headbutt the manticore.
The manticore is almost dead.
You hit the manticore. Your kick misses the manticore.
Your punch misses the manticore.
The manticore is almost dead.
The manticore bites you.
* * * LOW HITPOINT WARNING * * *
The manticore claws you!
You die...

..............(.#.............#
................#.............+
............?...#...#######..##
...................##..#..##...
................##..#.#..##..
.......########..#...#..###
#.....##.##.#..#..#..#..#.
#.....#.##H##.#..#.#..#.#.
#.<...#.#@#..#..#.(.#..#..
#.O...##.##.#.#..#.#.)#.#.
#.....#.##.##..#..#..#..#.
##....###.# ##..#...#..###
#...##... ##..#.#..## #..#####
##..#..## #.## ####### #.# #.#


You could see a manticore.

Vanquished Creatures
  Pikel (D:6)
  A water moccasin (D:8)
  A black bear (D:6)
  2 ice beasts
  4 orc warriors
  4 sky beasts
  An ogre (D:6)
  A phantom (D:4)
  2 lemures (D:6)
  A centaur (D:6)
  Blork the orc (D:4)
  3 bullfrogs
  2 scorpions
  3 wights (D:7)
  A howler monkey (D:6)
  2 bullfrog zombies
  A bullfrog skeleton (D:5)
  3 hounds
  A jelly (D:7)
  4 orc priests
  2 centaur skeletons
  2 iguanas (D:4)
  7 orc wizards
  9 worker ants
  4 hell rats (D:7)
  2 worker ant zombies
  2 howler monkey skeletons (D:7)
  8 gnolls
  8 adders
  5 river rats (D:7)
  A shadow imp (D:7)
  4 white imps
  An ufetubus (D:8)
  A worm (D:4)
  3 dart slugs
  4 leopard geckos
  29 orcs
  4 giant cockroaches
  10 goblins
  6 hobgoblins
  7 jackals
  9 quokkas
  2 ball pythons
  10 bats
  7 frilled lizards
  22 kobolds
  27 rats
235 creatures vanquished.

Vanquished Creatures (others)
  A withered plant (D:8)
1 creature vanquished.

Grand Total: 236 creatures vanquished

Notes
Turn   | Place    | Note
-------+----------+-------------------------------------------
     0 | D:1      | Eurus the Draconian Transmuter began the quest for the Orb.
     0 | D:1      | Reached XP level 1. HP: 16/16 MP: 3/3
   317 | D:1      | Reached XP level 2. HP: 23/23 MP: 3/5
  1119 | D:2      | Reached XP level 3. HP: 26/28 MP: 4/6
  1406 | D:2      | Learned a level 2 spell: Wereblood
  1838 | D:2      | Reached skill level 4 in Unarmed Combat
  2460 | D:3      | Reached XP level 4. HP: 35/35 MP: 5/7
  3528 | D:3      | Reached XP level 5. HP: 36/40 MP: 7/9
  4837 | D:4      | Reached XP level 6. HP: 4/48 MP: 10/10
  5207 | D:4      | Reached skill level 5 in Unarmed Combat
  5350 | D:4      | Noticed an orc warrior
  6536 | D:4      | Noticed Blork the orc
  6551 | D:4      | Killed Blork the orc
  6552 | D:4      | Your scales start taking on a fiery red colour.
  6552 | D:4      | Reached XP level 7. HP: 37/56 MP: 9/12
  6552 | D:4      | Gained mutation: Your flesh is heat resistant. (rF+) [Red
                  | Draconian growth]
  6771 | D:5      | Entered Level 5 of the Dungeon
  7395 | D:5      | Found a blossoming altar of Fedhas.
  7866 | D:6      | Found a staircase to the Ecumenical Temple.
  7932 | Temple   | Entered the Ecumenical Temple
  8014 | Temple   | Became a worshipper of the Shining One
  8320 | D:6      | Reached XP level 8. HP: 37/66 MP: 14/14
  8813 | D:6      | Reached skill level 6 in Unarmed Combat
  9039 | D:6      | Reached skill level 5 in Transmutations
  9922 | D:6      | Noticed Pikel
  9949 | D:6      | Killed Pikel
  9950 | D:6      | Reached skill level 5 in Fighting
  9950 | D:6      | Reached skill level 5 in Spellcasting
  9950 | D:6      | Reached XP level 9. HP: 45/74 MP: 16/16
 10599 | D:7      | Found a flagged portal.
 10625 | Bailey   | Entered a bailey
 11103 | Bailey   | Noticed an orc knight
 11243 | D:7      | Reached skill level 7 in Unarmed Combat
 11255 | D:7      | Reached skill level 5 in Dodging
 11402 | D:7      | Reached * piety under the Shining One
 11403 | D:7      | Noticed Joseph
 11449 | D:6      | Learned a level 3 spell: Spider Form
 11451 | D:6      | Learned a level 1 spell: Magic Dart
 12094 | D:7      | Reached skill level 1 in Conjurations
 13273 | D:8      | Found a runed translucent gate.
 13273 | D:8      | Found a runed translucent gate.
 13274 | D:8      | Reached ** piety under the Shining One
 13274 | D:8      | Noticed feorh's ghost (novice TrBe)
 13285 | D:8      | Noticed a two-headed ogre
 13729 | D:8      | Learned a level 1 spell: Foxfire
 13837 | D:8      | Noticed a boulder beetle
 14365 | D:8      | Noticed a manticore
 14375 | D:8      | HP: 2/78 [manticore (2)]
 14375 | D:8      | Slain by a manticore

Illustrated notes

Levels and vault maps discovered:
D:1:      ncdulo_halloftheorcs, layout_basic, serial_co_window_serial,
          co_window_paths_b, co_window_paths_b, co_window_paths_a,
          co_window_corner_a, co_window_of_opportunity_a, co_window_2corner,
          co_window_cross_3, co_window_cross_2, co_window_broadway_a,
          glass_columns_a, glass_columns_c, glass_columns_a, glass_columns_a,
          supply_closet_lemuel
D:2:      layout_basic
D:3:      layout_rooms
D:4:      layout_loops_ring, guppyfry_early_orc_mine, uniq_blork_the_orc
D:5:      layout_basic, old_standard_altar
D:6:      layout_layer_cave, temple_statues, chequers_serial_rivers_large_b,
          minmay_quadrilaterals, uniq_pikel
D:7:      lemuel_ratsnest, layout_basic, enter_bailey_5, minmay_crossroads,
          uniq_joseph
D:8:      minmay_the_grid_octo_tiled_squarecenter [minmay_the_grid_octo_teeth,
          minmay_the_grid_octo_horde, minmay_the_grid_octo_concentric,
          minmay_the_grid_octo_thin_diamonds,
          minmay_the_grid_square_5x5_megaprize_open,
          minmay_the_grid_square_5x5_checkered,
          minmay_the_grid_square_5x5_percent,
          minmay_the_grid_square_5x5_n_small, minmay_the_grid_square_5x5_seven],
          layout_gridville, serial_undead, serial_undead_a, serial_undead_b,
          serial_undead_b, serial_undead_c, gammafunk_ghost_nasty_kobolds,
          serial_shops, kennysheep_little_box
Temple:   compressed_dpeg_triangle_lava_temple

Skill      XL: |  1  2  3  4  5  6  7  8  9 |
---------------+----------------------------+-----
Unarmed Combat | 4 5 6 7 |  7.6
Transmutations | 3 4 5 6 |  6.7
Spellcasting   | 3 4 5 6 |  6.2
Dodging        | 2 3 4 5 |  5.0
Fighting       | 2 3 5 6 |  6.4
Conjurations   | 2 |  2.6
Fire Magic     | |  0.4

Action                   |  1- 3 |  4- 6 |  7- 9 || total
-------------------------+-------+-------+-------++-------
Melee: Unarmed           |   140 |   228 |   475 ||   843
       Kick              |    13 |    51 |   113 ||   177
       Headbutt          |     9 |    29 |    74 ||   112
       Tailslap          |     8 |    23 |    55 ||    86
       Punch             |     1 |     4 |     6 ||    11
 Cast: Beastly Appendage |    20 |    29 |    58 ||   107
       Wereblood         |     1 |     6 |    15 ||    22
 Abil: Breathe Fire      |       |       |    13 ||    13
  Use: Potion            |     1 |       |     4 ||     5
       Scroll            |       |    11 |    10 ||    21
 Stab: Sleeping          |     2 |       |       ||     2
Armor: Skin              |    48 |    81 |   128 ||   257
Dodge: Dodged            |    94 |   165 |   432 ||   691
